 Dungeon Crawl Stone Soup version 0.30.0-29-ga12c61a403 (webtiles) character file.

Game seed: 3469106459389751196

169 monsoonserge the Shooter (level 5, 0/45 HPs)
             Began as a Minotaur Hunter on June 23, 2023.
             Slain by an orc
             ... wielding a +1 heavy trident
              (12 damage)
             ... on level 3 of the Dungeon.
             The game lasted 00:04:12 (1804 turns).

monsoonserge the Shooter (Minotaur Hunter)          Turns: 1804, Time: 00:04:13

Health: 0/45       AC:  7    Str: 16    XL:     5   Next: 25%
Magic:  4/4        EV: 10    Int:  6    God:
Gold:   211        SH:  0    Dex: 15    Spells: 4/4 levels left

rFire   . . .        a - +0 shortbow
rCold   . . .        (shield currently unavailable)
rNeg    . . .        l - +0 scale mail
rPois   .            (helmet restricted)
rElec   .            e - +0 cloak
rCorr   .            (no gloves)
SInv    .            (no boots)
Will    .....        (no amulet) Stlth
                     (no ring)
HPRegen 0.27/turn    (no ring)
MPRegen 0.09/turn

%: no passive effects
@: no status effects
A: horns 2, retaliatory headbutt
a: no special abilities


You were on level 3 of the Dungeon.
You visited 1 branch of the dungeon, and saw 3 of its levels.

You collected 211 gold pieces.

Inventory:

Hand Weapons
 a - a +0 shortbow (weapon)
Armour
 c - a +0 leather armour
 e - a +0 cloak (worn)
 l - a +0 scale mail (worn)
Jewellery
 o - a ring of wizardry
Scrolls
 b - a scroll of immolation
 g - 3 scrolls of teleportation {unknown}
 h - 5 scrolls of identify {unknown}
 k - a scroll of magic mapping {unknown}
 m - a scroll of silence {unknown}
 n - a scroll of noise {unknown}
Potions
 d - a potion of resistance {unknown}
 f - 2 potions of flight {unknown}
 i - a potion of heal wounds {unknown}
 j - a potion of mutation {unknown}


   Skills:
 + Level 3.1 Fighting
 + Level 6.4 Ranged Weapons
 * Level 2.3 Armour
 + Level 2.3 Dodging
 + Level 0.7 Stealth


You had 4 spell levels left.
You didn't know any spells.
Your spell library contained the following spells:

 Spells                   Type           Power      Damage    Failure   Level
 Gell's Gravitas          Tloc           0%         N/A       99%         3
 Teleport Other           Tloc           0%         N/A       99%         3
 Dispersal                Tloc           0%         N/A       100%        6


Dungeon Overview and Level Annotations

Branches:
Dungeon (3/15)

Altars:
Wu Jian


Innate Abilities, Weirdness & Mutations

You have a pair of horns on your head.
You reflexively headbutt those who attack you in melee.


Message History

Aim: an orc priest, wielding a +0 dagger and wearing a +0 ring mail (heavily wounded, 66% to hit)
You shoot an arrow. The arrow hits the orc!
You kill the orc!
The orc hits you from afar with a +1 heavy trident.
You have reached level 5!
Fire: a) +0 shortbow
Press: ? - help, Q - select action Shift-Dir - straight line, f/p - orc priest
Aim: an orc priest, wielding a +0 dagger and wearing a +0 ring mail (heavily wounded, 66% to hit)
You shoot an arrow. The arrow hits the orc.
You kill the orc!
The orc hits you from afar with a +1 heavy trident.
The orc priest closely misses you. You furiously retaliate!
You headbutt the orc priest.
Fire: a) +0 shortbow
Press: ? - help, Q - select action Shift-Dir - straight line, f/p - orc priest
Aim: an orc priest, wielding a +0 dagger and wearing a +0 ring mail (severely wounded, 66% to hit)
You shoot an arrow. The arrow hits the orc priest.
You kill the orc priest!
The orc hits you from afar with a +1 heavy trident.
Fire: a) +0 shortbow
Press: ? - help, Q - select action Shift-Dir - straight line, f - orc
Aim: an orc, wielding a +0 flail (63% to hit)
You shoot an arrow. The arrow hits the orc.
The orc is moderately wounded.
The orc closely misses you.
The orc hits you from afar with a +1 heavy trident!
* * * LOW HITPOINT WARNING * * *
Fire: a) +0 shortbow
Press: ? - help, Q - select action Shift-Dir - straight line, f/p - orc
Aim: an orc, wielding a +0 flail (moderately wounded, 63% to hit)
You shoot an arrow. The arrow barely misses the orc.
The arrow hits the orc but does no damage.
The orc hits you but does no damage. x2; The orc closely misses you.
Fire: a) +0 shortbow
Press: ? - help, Q - select action Shift-Dir - straight line, f/p - orc
Aim: an orc, wielding a +0 flail (moderately wounded, 63% to hit)
You shoot an arrow. The arrow hits the orc!
You kill the orc!
The orc hits you from afar with a +1 heavy trident!
You die...

#.# #######
###.########.
#####.........##.
#.....#.###....+#
#.###.#.# #....#. ####
#.#####.# #....#. ...>.
#.......# #....#†
..)..o##############+.'.
......o@..............#.
......##...)#........##.
..... #....#........##.
.... #....#.........+#
... #....#.......###. #.
#....#.......# #. #
######.......# ##
######'## # #.# #


You could see 2 orcs.

Vanquished Creatures
  2 orc priests (D:3)
  An iguana (D:2)
  A gnoll (D:2)
  2 adders
  2 dart slugs (D:1)
  4 orcs (D:3)
  2 ball pythons
  4 endoplasms
  3 hobgoblins
  7 jackals
  3 quokkas (D:1)
  3 bats (D:2)
  5 frilled lizards
  6 goblins
  6 kobolds
  4 rats
55 creatures vanquished.

Notes
Turn   | Place    | Note
-------+----------+-------------------------------------------
     0 | D:1      | monsoonserge the Minotaur Hunter began the quest for the
                  | Orb.
     0 | D:1      | Reached XP level 1. HP: 18/18 MP: 0/0
   144 | D:1      | Reached XP level 2. HP: 25/25 MP: 1/1
   231 | D:1      | Reached skill level 5 in Ranged Weapons
   508 | D:1      | Reached XP level 3. HP: 30/30 MP: 2/2
  1042 | D:2      | Reached XP level 4. HP: 32/37 MP: 3/3
  1178 | D:2      | Reached skill level 1 in Armour
  1476 | D:3      | Reached skill level 6 in Ranged Weapons
  1634 | D:3      | Found an ornate altar of the Wu Jian Council.
  1800 | D:3      | Reached XP level 5. HP: 28/45 MP: 4/4
  1804 | D:3      | Slain by an orc

Illustrated notes

Levels and vault maps discovered:
D:1:      dpeg_arrival_round_a, layout_loops_ring
D:2:      layout_loops_cross
D:3:      layout_basic, mainiacjoe_overflow_24_doors,
          shapermc_ecumenical_altar_acropolis, chequers_decorated_corner

Skill      XL: |  1  2  3  4 |
---------------+-------------+-----
Ranged Weapons | 5 6 |  6.4
Armour         | 2 |  2.3
Fighting       | 3 |  3.1
Dodging        | |  2.3
Stealth        | |  0.7

Action                     |  1- 3 |  4- 6 || total
---------------------------+-------+-------++-------
   Fire: Shortbow          |    95 |    65 ||   160
 Armour: Leather armour    |    17 |       ||    17
         Scale mail        |       |    19 ||    19
  Dodge: Dodged            |    29 |    27 ||    56
